General information
			
			
        
        - name: BNet
 
        - type: Ladder team game (AT/RT)
 
        - host: Battle.net
 
        - saver: TIMG5STRok
 
        
map: FullScaleAssault 
        - players: 8
 
        - length: 29:37
 
        - speed: Fast
 - version: 1.22 W3XP
 - replay type:  Public
 
» download(189 KB)
Players
        team 1 (winner) 
              
              
NOOB]KNIFEELF (
yellow | 56 APM | 451 actions | 08:05)
              
 1 Archmage 
 1 Summon Water Elemental
 
                » actions 
                
                | Assign group hotkey | 8 |  | 
| Basic commands | 18 |  | 
| Build / train | 20 |  | 
| Enter build submenu | 14 |  | 
| Enter hero's abilities submenu | 1 |  | 
| Right click | 158 |  | 
| Select / deselect | 60 |  | 
| Select group hotkey | 146 |  | 
| Use ability | 26 |  | 
                451 total
 » units 
                » buildings
                
                | Altar of Kings | 1 |  | 
| Farm | 2 |  | 
| Lumber Mill | 1 |  | 
| Town Hall | 4 |  | 
| Scout Tower | 13 |  | 
                21 total
 » build order
                00:07 Altar of Kings
00:11 Farm
00:13 Farm
03:50 Lumber Mill
05:18 Town Hall
05:21 Town Hall
05:26 Town Hall
05:32 Town Hall
05:43 Scout Tower
05:44 Scout Tower
05:44 Scout Tower
05:45 Scout Tower
05:47 Scout Tower
05:47 Scout Tower
05:48 Scout Tower
05:48 Scout Tower
05:49 Scout Tower
05:50 Scout Tower
05:51 Scout Tower
05:51 Scout Tower
05:51 Scout Tower
 
               
              
              
TALONSAREBA (
teal | 39 APM | 1165 actions | 29:36)
              
 1 Archmage 
 1 Summon Water Elemental
 
                » actions 
                
                | Assign group hotkey | 2 |  | 
| Basic commands | 24 |  | 
| Build / train | 25 |  | 
| ESC pressed | 7 |  | 
| Enter build submenu | 31 |  | 
| Enter hero's abilities submenu | 1 |  | 
| Right click | 714 |  | 
| Select / deselect | 313 |  | 
| Select group hotkey | 2 |  | 
| Use ability | 46 |  | 
                1165 total
 » units 
                
                | Peasant | 15 |  | 
| Goblin Zeppelin | 1 |  | 
                16 total
 » buildings
                
                | Altar of Kings | 1 |  | 
| Farm | 9 |  | 
| Lumber Mill | 1 |  | 
| Scout Tower | 12 |  | 
| Arcane Tower | 7 |  | 
                30 total
 » build order
                00:05 Altar of Kings
00:07 Farm
01:27 Farm
03:24 Farm
03:46 Lumber Mill
05:42 Scout Tower
05:43 Scout Tower
06:24 Scout Tower
06:29 Arcane Tower
06:29 Arcane Tower
06:29 Arcane Tower
06:58 Arcane Tower
08:07 Scout Tower
08:28 Arcane Tower
08:35 Scout Tower
08:36 Scout Tower
08:40 Scout Tower
08:43 Scout Tower
08:45 Scout Tower
09:19 Scout Tower
09:37 Arcane Tower
09:39 Scout Tower
09:59 Arcane Tower
10:03 Scout Tower
12:32 Farm
13:45 Farm
14:35 Farm
14:58 Farm
16:37 Farm
17:48 Farm
 
               
              
              
TIMG5STRok (
blue | 51 APM | 1521 actions | 29:37)
              
 1 Pandaren Brewmaster 
 1 Breath of Fire
 
                » actions 
                
                | Assign group hotkey | 2 |  | 
| Basic commands | 30 |  | 
| Build / train | 37 |  | 
| ESC pressed | 23 |  | 
| Enter build submenu | 49 |  | 
| Enter hero's abilities submenu | 1 |  | 
| Right click | 896 |  | 
| Select / deselect | 245 |  | 
| Select group hotkey | 77 |  | 
| Use ability | 161 |  | 
                1521 total
 » units 
                » upgrades
                
                | Masonry | 1 |  | 
| Nature's Blessing | 1 |  | 
                2 total
 » buildings
                
                | Moon Well | 4 |  | 
| Altar of Elders | 1 |  | 
| Tree of Life | 9 |  | 
| Ancient of War | 12 |  | 
| Lumber Mill | 1 |  | 
| Scout Tower | 17 |  | 
| Farm | 2 |  | 
| Arcane Tower | 2 |  | 
| Tree of Ages | 1 |  | 
                49 total
 » build order
                00:32 Moon Well
01:09 Altar of Elders
01:58 Tree of Life
02:04 Ancient of War
02:25 Ancient of War
03:18 Tree of Life
03:30 Tree of Life
03:35 Moon Well
03:40 Moon Well
03:45 Moon Well
05:47 Ancient of War
05:57 Ancient of War
06:00 Ancient of War
06:07 Ancient of War
06:21 Ancient of War
06:32 Ancient of War
07:22 Ancient of War
07:22 Ancient of War
07:23 Ancient of War
08:13 Ancient of War
10:42 Lumber Mill
11:44 Tree of Life
12:38 Scout Tower
12:38 Scout Tower
12:39 Scout Tower
12:42 Scout Tower
12:46 Scout Tower
12:50 Farm
13:14 Scout Tower
13:15 Scout Tower
13:16 Scout Tower
13:18 Scout Tower
13:20 Scout Tower
13:21 Scout Tower
13:33 Farm
13:58 Scout Tower
13:59 Scout Tower
14:00 Scout Tower
14:00 Scout Tower
14:01 Scout Tower
14:02 Scout Tower
14:11 Arcane Tower
14:13 Arcane Tower
14:31 Tree of Life
16:40 Tree of Ages
21:25 Tree of Life
23:38 Tree of Life
24:16 Tree of Life
25:30 Tree of Life
 
               
              
              
TUJD.HK-D) (
purple | 61 APM | 1813 actions | 29:36)
              
 1 Archmage 
 1 Summon Water Elemental
 
                » actions 
                
                | Assign group hotkey | 36 |  | 
| Basic commands | 48 |  | 
| Build / train | 23 |  | 
| ESC pressed | 8 |  | 
| Enter build submenu | 19 |  | 
| Enter hero's abilities submenu | 1 |  | 
| Right click | 643 |  | 
| Select / deselect | 358 |  | 
| Select group hotkey | 650 |  | 
| Use ability | 27 |  | 
                1813 total
 » units 
                » upgrades
                » buildings
                
                | Altar of Kings | 1 |  | 
| Farm | 4 |  | 
| Blacksmith | 1 |  | 
| Scout Tower | 3 |  | 
| Arcane Tower | 1 |  | 
                10 total
 » build order
                00:05 Altar of Kings
00:07 Farm
00:14 Farm
01:48 Blacksmith
05:30 Scout Tower
05:44 Arcane Tower
05:53 Scout Tower
15:23 Farm
18:38 Farm
22:06 Scout Tower
 
               team 2 (loser) 
              
              
alfa000 (
orange | 47 APM | 1386 actions | 29:36)
              
 5 Archmage 
 3 Summon Water Elemental
 2 Brilliance Aura
 3 Mountain King 
 2 Storm Bolt
 1 Thunder Clap
 
                » actions 
                
                | Assign group hotkey | 34 |  | 
| Build / train | 46 |  | 
| Enter build submenu | 23 |  | 
| Enter hero's abilities submenu | 9 |  | 
| Give item / drop item | 1 |  | 
| Remove unit from queue | 1 |  | 
| Right click | 422 |  | 
| Select / deselect | 261 |  | 
| Select group hotkey | 439 |  | 
| Use ability | 150 |  | 
                1386 total
 » units 
                
                | Peasant | 15 |  | 
| Footman | 5 |  | 
| Gryphon Rider | 5 |  | 
                25 total
 » upgrades
                
                | Lumber Harvesting | 1 |  | 
| Swords | 3 |  | 
| Armor | 3 |  | 
| Storm Hammers | 1 |  | 
                8 total
 » buildings
                
                | Altar of Kings | 1 |  | 
| Farm | 13 |  | 
| Barracks | 1 |  | 
| Lumber Mill | 1 |  | 
| Town Hall | 1 |  | 
| Arcane Vault | 1 |  | 
| Keep | 1 |  | 
| Blacksmith | 1 |  | 
| Gryphon Aviary | 3 |  | 
| Castle | 1 |  | 
                24 total
 » build order
                00:08 Altar of Kings
00:22 Farm
00:36 Barracks
01:01 Farm
01:37 Farm
02:55 Lumber Mill
03:41 Town Hall
04:00 Arcane Vault
04:19 Keep
04:37 Farm
04:40 Farm
05:04 Farm
05:45 Blacksmith
06:54 Gryphon Aviary
07:28 Gryphon Aviary
07:42 Gryphon Aviary
08:57 Castle
11:27 Farm
11:29 Farm
11:32 Farm
12:11 Farm
12:12 Farm
12:13 Farm
12:52 Farm
 
               
              
              
Bad_Mo_Frackie (
green | 40 APM | 1190 actions | 29:36)
              
 5 Death Knight 
 3 Death Coil
 2 Unholy Aura
 1 Mountain King 
 1 Thunder Clap
 
                » actions 
                
                | Assign group hotkey | 2 |  | 
| Basic commands | 39 |  | 
| Build / train | 35 |  | 
| Enter build submenu | 13 |  | 
| Enter hero's abilities submenu | 6 |  | 
| Remove unit from queue | 1 |  | 
| Right click | 623 |  | 
| Select / deselect | 364 |  | 
| Select group hotkey | 30 |  | 
| Use ability | 77 |  | 
                1190 total
 » units 
                
                | Acolyte | 5 |  | 
| Ghoul | 4 |  | 
| Crypt Fiend | 10 |  | 
| Gargoyle | 1 |  | 
| Goblin Zeppelin | 1 |  | 
                21 total
 » upgrades
                » buildings
                
                | Graveyard | 1 |  | 
| Crypt | 2 |  | 
| Altar of Darkness | 1 |  | 
| Ziggurat | 6 |  | 
| Tomb of Relics | 1 |  | 
| Halls of the Dead | 1 |  | 
| Spirit Tower | 3 |  | 
                15 total
 » build order
                00:10 Graveyard
00:17 Crypt
00:44 Altar of Darkness
00:59 Ziggurat
01:51 Tomb of Relics
02:20 Ziggurat
04:28 Halls of the Dead
04:55 Ziggurat
05:52 Spirit Tower
06:16 Ziggurat
07:25 Crypt
08:48 Spirit Tower
12:37 Ziggurat
15:53 Ziggurat
16:26 Spirit Tower
» items
                 
               
              
              
» 
NOOBLARonDEMAND (
red | 94 APM | 2775 actions | 29:36)
              
 5 Archmage 
 3 Summon Water Elemental
 2 Brilliance Aura
 3 Mountain King 
 2 Storm Bolt
 1 Bash
 3 Paladin 
 2 Holy Light
 1 Divine Shield
 
                » actions 
                
                | Assign group hotkey | 20 |  | 
| Basic commands | 78 |  | 
| Build / train | 106 |  | 
| Enter build submenu | 28 |  | 
| Enter hero's abilities submenu | 13 |  | 
| Give item / drop item | 16 |  | 
| Remove unit from queue | 1 |  | 
| Right click | 842 |  | 
| Select / deselect | 354 |  | 
| Select group hotkey | 1114 |  | 
| Use ability | 203 |  | 
                2775 total
 » units 
                
                | Peasant | 23 |  | 
| Footman | 6 |  | 
| Goblin Shredder | 2 |  | 
| Gryphon Rider | 4 |  | 
| Flying Machine | 12 |  | 
| Goblin Zeppelin | 1 |  | 
                48 total
 » upgrades
                
                | Masonry | 1 |  | 
| Defend | 1 |  | 
| Lumber Harvesting | 2 |  | 
| Storm Hammers | 1 |  | 
| Swords | 3 |  | 
| Armor | 2 |  | 
| Gunpowder | 3 |  | 
| Flak Cannons | 1 |  | 
| Flying Machine Bombs | 1 |  | 
                15 total
 » buildings
                
                | Altar of Kings | 1 |  | 
| Farm | 12 |  | 
| Barracks | 1 |  | 
| Lumber Mill | 1 |  | 
| Arcane Vault | 1 |  | 
| Keep | 1 |  | 
| Town Hall | 2 |  | 
| Castle | 1 |  | 
| Gryphon Aviary | 4 |  | 
| Blacksmith | 1 |  | 
| Workshop | 6 |  | 
                31 total
 » build order
                00:08 Altar of Kings
00:11 Farm
00:49 Barracks
00:56 Farm
01:44 Farm
02:03 Lumber Mill
02:25 Farm
03:25 Arcane Vault
05:05 Keep
05:26 Town Hall
05:41 Town Hall
08:27 Castle
10:13 Gryphon Aviary
10:15 Gryphon Aviary
10:17 Gryphon Aviary
11:22 Gryphon Aviary
11:32 Blacksmith
11:45 Farm
11:47 Farm
11:48 Farm
11:49 Farm
11:51 Farm
11:52 Farm
13:11 Farm
21:38 Farm
22:39 Workshop
22:41 Workshop
22:42 Workshop
22:48 Workshop
22:52 Workshop
24:53 Workshop
» items
                
                | Scroll of Regeneration | 2 |  | 
| Lesser Clarity Potion | 3 |  | 
| Rod of Necromancy | 2 |  | 
| Potion of Mana | 2 |  | 
| Potion of Healing | 1 |  | 
| Scroll of Town Portal | 3 |  | 
| Boots of Speed | 2 |  | 
| Periapt of Vitality | 2 |  | 
| Staff of Teleportation | 1 |  | 
                18 total
  
               
              
              
The_Ravioli_Man (
pink | 63 APM | 1721 actions | 27:08)
              
 5 Death Knight 
 3 Death Coil
 2 Unholy Aura
 
                » actions 
                
                | Assign group hotkey | 19 |  | 
| Basic commands | 16 |  | 
| Build / train | 51 |  | 
| Enter build submenu | 23 |  | 
| Enter hero's abilities submenu | 5 |  | 
| Right click | 777 |  | 
| Select / deselect | 245 |  | 
| Select group hotkey | 446 |  | 
| Use ability | 138 |  | 
                1721 total
 » units 
                
                | Acolyte | 7 |  | 
| Ghoul | 3 |  | 
| Crypt Fiend | 10 |  | 
| Goblin Zeppelin | 1 |  | 
| Goblin Shredder | 1 |  | 
| Frost Wyrm | 11 |  | 
                33 total
 » upgrades
                
                | Creature Attack | 3 |  | 
| Creature Carapace | 1 |  | 
                4 total
 » buildings
                
                | Graveyard | 1 |  | 
| Crypt | 1 |  | 
| Ziggurat | 9 |  | 
| Altar of Darkness | 1 |  | 
| Tomb of Relics | 1 |  | 
| Halls of the Dead | 2 |  | 
| Black Citadel | 1 |  | 
| Sacrificial Pit | 2 |  | 
| Boneyard | 3 |  | 
| Spirit Tower | 1 |  | 
                22 total
 » build order
                00:18 Graveyard
00:25 Crypt
00:39 Ziggurat
01:01 Altar of Darkness
02:00 Ziggurat
02:46 Tomb of Relics
03:03 Ziggurat
04:49 Halls of the Dead
04:49 Halls of the Dead
07:39 Black Citadel
10:23 Ziggurat
10:26 Ziggurat
11:04 Ziggurat
11:08 Ziggurat
11:10 Ziggurat
11:55 Ziggurat
11:57 Sacrificial Pit
12:07 Sacrificial Pit
13:01 Boneyard
13:13 Boneyard
13:14 Boneyard
22:58 Spirit Tower
» items
                 
                Chat log
          (00:07 / All) The_Ravioli_Man: gl hf
(01:07 / All) The_Ravioli_Man: i kissed a girl
(01:10 / All) The_Ravioli_Man: and i liked it
(02:53 / All) The_Ravioli_Man: nice blue...
(02:59 / All) TIMG5STRok: STFU!!!!1
(06:04 / All) The_Ravioli_Man: nice
(06:07 / All) The_Ravioli_Man: u guys are good
(06:27 / All) The_Ravioli_Man: pro
(06:51 / All) TALONSAREBA: who fuckin makes normal units
(06:55 / All) TALONSAREBA: u guys blow
(07:19 / All) The_Ravioli_Man: u guys are horrible...
(07:57 / All) The_Ravioli_Man: *applause*
(08:07 / All) The_Ravioli_Man: brilliant
(08:11 / All) The_Ravioli_Man: bloody brilliant
(08:13 / All) TUJD.HK-D): YOU SO GOOD
(08:19 / All) TALONSAREBA: Dam
(08:20 / All) TALONSAREBA: u guys good
(08:25 / All) TALONSAREBA: no one beat dat strat
(08:26 / All) TALONSAREBA: before
(08:45 / All) The_Ravioli_Man: u guys like 1-8?
(08:53 / All) TUJD.HK-D): you guys like 50%?
(09:05 / All) The_Ravioli_Man: no, we're 100
(09:09 / All) TUJD.HK-D): same
(09:10 / All) TUJD.HK-D): lol
(09:22 / All) The_Ravioli_Man: howd u win ur first game?
(09:28 / All) TALONSAREBA: by beating noobs like u
(09:29 / All) TUJD.HK-D): BY BEATING YOU
(09:30 / All) TIMG5STRok: skill......
(09:36 / All) The_Ravioli_Man: ..
(09:39 / All) Bad_Mo_Frackie: i attack moved
(09:42 / All) Bad_Mo_Frackie: my apm at 10
(09:46 / All) The_Ravioli_Man: woot
(09:46 / All) TALONSAREBA: dam you beat peons
(09:47 / All) TALONSAREBA: u so good
(09:49 / All) TIMG5STRok: no kidding you suck
(09:52 / All) TUJD.HK-D): I SURROUNDED YOU WITH PEASANTS
(09:53 / All) TUJD.HK-D): LOL
(10:36 / All) TUJD.HK-D): WE WIN
(10:38 / All) TUJD.HK-D): GG
(12:49 / All) The_Ravioli_Man: t
(14:16 / All) Bad_Mo_Frackie: kids mad
(14:17 / All) Bad_Mo_Frackie: sad
(14:18 / All) Bad_Mo_Frackie: bad
(14:38 / All) The_Ravioli_Man: pro
(16:26 / All) TALONSAREBA: dam we hack
(16:29 / All) TALONSAREBA: cant find us
(20:44 / All) The_Ravioli_Man: pro blue
(20:48 / All) TALONSAREBA: shit gg
(20:56 / All) TIMG5STRok: my last tree...
(21:00 / All) TALONSAREBA: fuck
(21:59 / All) The_Ravioli_Man: u teched...
(22:11 / All) The_Ravioli_Man: pro
(24:05 / All) The_Ravioli_Man: i did
(24:12 / All) TUJD.HK-D): you did
(24:55 / All) TALONSAREBA: well dam
(24:58 / All) TALONSAREBA: we're all outta peens
(25:18 / All) TALONSAREBA: dam nice 1 green
(25:19 / All) TALONSAREBA: fuck
(25:27 / All) The_Ravioli_Man: we revelaed it smart one
(26:37 / All) TALONSAREBA: rofl
(27:08 / All) TIMG5STRok: thanks for win
(27:16 / All) TALONSAREBA: rofl
(27:18 / All) TALONSAREBA: noobfagz
(28:31 / All) Bad_Mo_Frackie: ROFL
(28:32 / All) Bad_Mo_Frackie: ROFL
(28:38 / All) TIMG5STRok: my last farm....
(29:18 / All) TIMG5STRok: my last farms.....
(29:21 / All) TALONSAREBA: fuck
(29:30 / All) TIMG5STRok: grats they been there all game
(29:32 / All) TIMG5STRok: retards